 Dungeon Crawl Stone Soup version 0.15.0-18-g9076a4f (webtiles) character file.

5275 Leibowitz the Nimble (level 10, -2/98 HPs)
             Began as a Troll Wanderer on Sept 7, 2014.
             Slain by a yak (11 damage)
             ... on Level 10 of the Dungeon.
             The game lasted 00:57:28 (9946 turns).

Leibowitz the Nimble (Troll Wanderer)               Turns: 9946, Time: 00:57:29

HP  -2/98        AC  6     Str 25      XL: 10   Next: 36%
MP  16/16        EV 12     Int 10      God:
Gold 648         SH  0     Dex  7      Spells:  1 memorised, 10 levels left

rFire  . . .     SeeInvis .       - Unarmed
rCold  . . .     Clarity  .     d - +0 robe
rNeg   . . .     rCorr    .     (shield restricted)
rPois  +         rRot     .     (helmet restricted)
rElec  .         Spirit   .     y - +0 cloak
SustAb .         Warding  .     (gloves unavailable)
rMut   .         Stasis   .     (boots unavailable)
Gourm  +                        (no amulet)
MR     .....                    M - ring of magical power
                                r - ring of poison resistance

@: not resistant to hostile enchantments, very unstealthy
A: unfitting armour, claws 3, fast metabolism 3, gourmand, regeneration 2,
saprovore 2, shaggy fur 1, tough skin 2
a: no special abilities


You were on level 10 of the Dungeon.
You were not hungry.

You visited 2 branches of the dungeon, and saw 11 of its levels.
You also visited: Sewer.

You collected 648 gold pieces.

Inventory:

Hand weapons
 b - a +2 blowgun
Missiles
 e - 2 curare-tipped needles
 t - 70 poisoned needles
 H - 7 javelins of penetration (quivered)
Armour
 d - a +0 robe (worn)
 y - a +0 cloak (worn)
Magical devices
 a - a wand of lightning (1)
 i - a wand of cold (7)
 l - a wand of fireball (4)
 v - a wand of magic darts (11)
 z - a wand of digging (14)
 G - a wand of fire (6)
Comestibles
 f - 9 meat rations
 k - 6 bread rations
 m - 4 beef jerkies
 L - a slice of pizza
Scrolls
 g - 4 scrolls of identify {unknown}
 h - 2 scrolls of blinking {unknown}
 j - a scroll of recharging {unknown}
 n - 2 scrolls of magic mapping {unknown}
 o - 5 scrolls of teleportation {unknown}
 q - 3 scrolls of remove curse {unknown}
 s - 2 scrolls of immolation {unknown}
 u - a scroll of fog {unknown}
 w - 3 scrolls of enchant armour {unknown}
 x - 4 scrolls of random uselessness {unknown}
 A - a scroll of amnesia {unknown}
 C - 3 scrolls of enchant weapon {unknown}
 F - 4 scrolls of fear {unknown}
 K - a scroll of torment {unknown}
 O - a scroll of summoning {unknown}
Jewellery
 r - a ring of poison resistance (left claw)
 M - a ring of magical power (right claw)
Potions
 c - a potion of lignification
 p - 2 potions of curing
 B - 4 potions of restore abilities
 J - a potion of agility


   Skills:
 + Level 5.6 Fighting
 + Level 3.9 Throwing
 + Level 8.6 Dodging
 + Level 1.5 Stealth
 + Level 7.5 Unarmed Combat
 - Level 1.2 Spellcasting
   Level 3.2 Necromancy
   Level 1.7 Earth Magic
 + Level 1.2 Evocations


You had 10 spell levels left.
You knew the following spells:

 Your Spells              Type           Power        Failure   Level  Hunger
a - Freeze                Ice            #...         38%         1    ##.....


Dungeon Overview and Level Annotations

Branches:
Dungeon (10/15)            Temple (1/1) D:5
    Orc: D:9-12        Lair: D:8-11

Altars:
Ashenzari
Cheibriados
Dithmenos
Elyvilon
Fedhas
Kikubaaqudgha
Makhleb
Nemelex Xobeh
Okawaru
Qazlal
Sif Muna
Trog
Vehumet
Xom
Yredelemnul
Zin
The Shining One

Annotations:
D:10 Fannar


Innate Abilities, Weirdness & Mutations

You are too large for most types of armour.
You have claws for hands.
Your metabolism is lightning-fast.
You like to eat raw meat.
You heal very quickly.
You can eat rotten meat.
You are covered in fur (AC +1).
You have very tough skin (AC +2).


Message History

The yak begins to bleed from its wounds!
The yak is lightly wounded.
The yak barely misses you. The yak gores you!
The yak gores you but does no damage.
You scratch the yak but do no damage. The yak gores you! The yak gores you!
The yak closely misses you.
You scratch the yak but do no damage.
The yak is severely wounded.
The yak gores you! The yak gores you but does no damage. The yak gores you!
* * * LOW HITPOINT WARNING * * *
You closely miss the yak.
The yak is severely wounded.
The yak closely misses you. The yak gores you!
* * * LOW HITPOINT WARNING * * *
The yak gores you!
* * * LOW HITPOINT WARNING * * *
The yak is no longer bleeding.
There is a stone staircase leading up here.
The yak is no longer bleeding.
The yak gores you!
You die...

#.#########
......$....#
.......YYY.+
#.###.Y##..#
#. ##YY## ..
#.@..+ ..
+....# #
####+#


You could see 4 yaks.

Vanquished Creatures
  2 hippogriffs
  A deep elf mage (D:9)
  2 hungry ghosts (D:7)
  A mottled dragon (D:9)
  A phantom (D:9)
  7 sky beasts
  7 ogres
  An ice beast (D:9)
  A black bear (D:8)
  A necrophage (D:8)
  2 orc warriors
  4 centaurs
  A gnoll sergeant (D:8)
  9 giant frogs
  2 scorpions
  A hippogriff skeleton (D:8)
  A centaur zombie (D:8)
  5 crimson imps
  2 giant frog zombies (D:5)
  4 goliath beetles
  4 orc priests
  2 hounds
  A giant frog skeleton (D:5)
  A jelly (D:7)
  A quasit (D:6)
  3 orc wizards
  9 worker ants
  4 iguanas
  A hound zombie (D:5)
  2 worker ant zombies (D:5)
  9 gnolls
  14 adders
  13 giant mites
  A gnoll skeleton (D:5)
  A green rat (D:4)
  A goliath beetle zombie (D:7)
  2 worms (D:4)
  2 shadow imps
  An adder zombie (D:5)
  16 giant geckos
  8 oozes (Sewer)
  24 orcs
  2 bat zombies (D:5)
  17 giant cockroaches
  13 goblins
  16 hobgoblins
  14 jackals
  4 ball pythons
  15 bats
  11 giant newts
  A giant spore (D:8)
  A gnoll zombie (D:5)
  3 hobgoblin zombies
  17 kobolds
  2 kobold skeletons (D:5)
  2 orc skeletons
  2 orc zombies (D:5)
  2 quokka skeletons (D:5)
  18 rats
  11 ballistomycetes (D:8)
326 creatures vanquished.

Vanquished Creatures (others)
  An orc wizard (D:6)
  A giant spore (D:8)
2 creatures vanquished.

Grand Total: 328 creatures vanquished

Notes
Turn   | Place    | Note
--------------------------------------------------------------
     0 | D:1      | Leibowitz, the Troll Wanderer, began the quest for the Orb.
     0 | D:1      | Reached XP level 1. HP: 16/16 MP: 2/2
   180 | D:1      | Reached XP level 2. HP: 24/26 MP: 2/2
   438 | D:1      | Reached skill level 1 in Dodging
   659 | D:1      | Reached skill level 1 in Unarmed Combat
  1020 | D:1      | Reached XP level 3. HP: 32/32 MP: 3/3
  1241 | D:2      | Reached skill level 1 in Fighting
  1834 | D:2      | Reached XP level 4. HP: 31/41 MP: 4/4
  2091 | D:3      | Found a sparkling altar of Nemelex Xobeh.
  2700 | D:3      | Found a stormy altar of Qazlal.
  2926 | D:4      | Reached XP level 5. HP: 44/49 MP: 4/4
  3108 | D:4      | Found a glowing drain.
  3112 | Sewer    | Entered a sewer
  3376 | Sewer    | Reached XP level 6. HP: 57/57 MP: 5/5
  3744 | D:4      | Noticed an ogre
  3757 | D:4      | Killed an ogre
  3757 | D:4      | Reached skill level 4 in Dodging
  3757 | D:4      | Reached XP level 7. HP: 42/66 MP: 5/5
  4167 | D:5      | Entered Level 5 of the Dungeon
  4428 | D:5      | Reached skill level 5 in Dodging
  4487 | D:5      | Reached XP level 8. HP: 43/75 MP: 6/6
  4648 | D:5      | Found a staircase to the Ecumenical Temple.
  4663 | Temple   | Entered the Ecumenical Temple
  5644 | D:6      | Found a snail-covered altar of Cheibriados.
  5673 | D:6      | Reached skill level 6 in Dodging
  5694 | D:6      | Reached skill level 5 in Unarmed Combat
  5848 | D:6      | Reached skill level 1 in Stealth
  5967 | D:6      | Reached XP level 9. HP: 55/85 MP: 7/7
  6515 | D:7      | Reached skill level 7 in Dodging
  6681 | D:7      | Reached skill level 5 in Fighting
  8047 | D:8      | Reached XP level 10. HP: 52/92 MP: 7/7
  8667 | D:9      | Reached skill level 8 in Dodging
  8965 | D:9      | You fall through a shaft!
  8965 | D:10     | Entered Level 10 of the Dungeon
  8976 | D:10     | Noticed a hill giant
  8977 | D:10     | Noticed Fannar
  9862 | D:9      | Found a glowing golden altar of the Shining One.
  9863 | D:9      | Found a shadowy altar of Dithmenos.
  9946 | D:10     | Slain by a yak

Action                   |  1- 3 |  4- 6 |  7- 9 | 10-12 || total
-------------------------+-------+-------+-------+-------++-------
Melee: Unarmed           |   145 |   334 |   476 |   152 ||  1107
 Fire: Blowgun           |       |       |    36 |       ||    36
Throw: Javelin           |       |       |    20 |       ||    20
Evoke: Wand              |       |     1 |     5 |     1 ||     7
  Use: Potion            |       |       |    12 |     1 ||    13
  Eat: Chunk             |    14 |    24 |    47 |    17 ||   102
